 Dungeon Crawl Stone Soup version 0.27-a0-1140-g099f9bb0e8 (webtiles) character file.

Game seed: 15905869812826283949

238 jasper the Skirmisher (level 5, -1/42 HPs)
             Began as a Demonspawn Wanderer on May 8, 2021.
             Succumbed to a scorpion's poison
             ... on level 4 of the Dungeon.
             The game lasted 00:04:13 (3667 turns).

jasper the Skirmisher (Demonspawn Wanderer)         Turns: 3667, Time: 00:04:14

Health: -1/42      AC:  5    Str: 11    XL:     5   Next: 78%
Magic:  5/5        EV:  8    Int: 15    God:
Gold:   114        SH: 11    Dex: 13    Spells: 4/4 levels left

rFire    . . .     SeeInvis .   f - +2 dagger (flame)
rCold    . . .     Faith    .   s - +0 kite shield
rNeg     . . .     Spirit   .   l - +0 ring mail
rPois    .         Reflect  .   (no helmet)
rElec    .         Harm     .   (no cloak)
rCorr    .         Rampage  .   (no gloves)
Will     .....                  (no boots)
Stlth    +.........             (no amulet)
HPRegen  0.14/turn              (no ring)
MPRegen  0.09/turn              (no ring)

@: lethally poisoned (-1 -> -25)
A: large bone plates 1, demonic guardian 1
a: no special abilities


You were on level 4 of the Dungeon.
You visited 1 branch of the dungeon, and saw 4 of its levels.

You collected 114 gold pieces.

Inventory:

Hand Weapons
 a - a +2 falchion
 e - a +0 dagger
 f - a +2 dagger of flaming (weapon)
Missiles
 n - 105 stones
 r - 8 poisoned darts
Armour
 d - a +0 robe
 h - a +0 leather armour
 l - a +0 ring mail (worn)
 s - a +0 kite shield (worn)
Magical Staves
 m - a staff of cold
Jewellery
 o - a ring of poison resistance
Wands
 p - a wand of acid (4)
Potions
 b - a potion of lignification
 g - 2 potions of brilliance
 i - a potion of might {unknown}
 j - a potion of curing {unknown}
 k - a potion of magic {unknown}
 q - a potion of flight {unknown}
 t - a potion of heal wounds {unknown}
Miscellaneous
 c - a piece from Xom's chessboard (10/15) (quivered)


   Skills:
 + Level 3.9 Fighting
 - Level 3.6 Long Blades
 - Level 1.0 Throwing
 + Level 3.6 Dodging
 - Level 1.7 Stealth
 + Level 1.1 Shields
 - Level 1.0 Evocations


You had 4 spell levels left.
You didn't know any spells.
Your spell library was empty.

Dungeon Overview and Level Annotations

Branches:
Dungeon (4/15)
 Temple: D:4-7

Altars:


Innate Abilities, Weirdness & Mutations

You are partially covered in large bone plates. (SH +4)
A weak demonic guardian rushes to your aid.


Message History

The scorpion stings you but does no damage.
You hit the scorpion but do no damage. The scorpion stings you.
You take 3 damage, and have 39/42 hp.
You hit the scorpion but do no damage. You block the scorpion's attack.
The scorpion stings you but does no damage.
You hit the scorpion but do no damage. You block the scorpion's attack.
You hit the scorpion. You burn the scorpion.
The scorpion is moderately wounded.
The scorpion stings you! You block the scorpion's attack.
You take 7 damage, and have 33/42 hp.
You hit the scorpion but do no damage.
The scorpion is moderately wounded.
The scorpion stings you.
You take 2 damage, and have 31/42 hp.
Your shield prevents you from hitting the scorpion.
The scorpion is moderately wounded.
You block the scorpion's attack.
You barely miss the scorpion.
The scorpion is moderately wounded.
The scorpion stings you. x2
You are poisoned.
The scorpion poisons you!
You take 5 damage, and have 26/42 hp.
You hit the scorpion. You burn the scorpion.
The scorpion is heavily wounded.
You feel very sick. The scorpion stings you.
You take 8 damage, and have 18/42 hp.
You hit the scorpion but do no damage.
The scorpion is heavily wounded.
You feel very sick. The scorpion stings you.
* * * LOW HITPOINT WARNING * * *
You are lethally poisoned!
The scorpion poisons you! The scorpion stings you!
* * * LOW HITPOINT WARNING * * *
A demonic guardian appears!
You hit the scorpion. You burn the scorpion.
The scorpion is severely wounded.
You die...

#.# #.# #<# #.#
#.# #.# ##.#
...# ########.#
.### #....@s5.#
.# #.######.# .#
#.# .# ###.###
.# #.....#
.#########.###)#
...........# #.#
##########.###.#
#.....#


You could see a scorpion (ally target) and a friendly ufetubus (summoned).

Vanquished Creatures
  An ogre (D:2)
  2 orc wizards (D:4)
  A gnoll (D:3)
  3 adders
  3 dart slugs (D:1)
  2 orcs (D:4)
  4 bats
  2 giant cockroaches
  6 goblins
  3 hobgoblins
  9 jackals
  5 kobolds
  A quokka (D:1)
  4 ball pythons
  3 frilled lizards
  2 rats
51 creatures vanquished.

Vanquished Creatures (collateral kills)
  2 jackals (D:1)
2 creatures vanquished.

Grand Total: 53 creatures vanquished

Notes
Turn   | Place    | Note
-------+----------+-------------------------------------------
     0 | D:1      | jasper the Demonspawn Wanderer began the quest for the Orb.
     0 | D:1      | jasper set off with the following items: a +2 falchion, a
                  | potion of lignification, a piece from Xom's chessboard
                  | (15/15), a +0 robe, a +0 dagger
     0 | D:1      | Reached XP level 1. HP: 15/15 MP: 1/1
    25 | D:1      | Gained mutation: A weak demonic guardian rushes to your
                  | aid. [demonic ancestry]
    25 | D:1      | Reached XP level 2. HP: 10/21 MP: 2/2
   675 | D:1      | Found a faded altar of an unknown god.
   972 | D:1      | Reached XP level 3. HP: 27/27 MP: 3/3
  1528 | D:2      | Noticed an ogre
  1581 | D:2      | Killed an ogre
  1582 | D:2      | Reached XP level 4. HP: 31/35 MP: 4/4
  1844 | D:2      | Gained mutation: You are partially covered in large bone
                  | plates. (SH +4) [demonic ancestry]
  1844 | D:2      | Reached XP level 5. HP: 41/41 MP: 5/5
  3414 | D:3      | Reached skill level 1 in Shields
  3667 | D:4      | Succumbed to a scorpion's poison

Illustrated notes

Levels and vault maps discovered:
D:1:      minmay_arrival_radiant_lines, layout_loops_ring, serial_rivers,
          chequers_serial_rivers_small_a, chequers_serial_rivers_micro_c,
          chequers_serial_rivers_micro_c, chequers_serial_rivers_room_a,
          chequers_serial_rivers_micro_e, chequers_serial_rivers_small_a,
          shapermc_ecumenical_altar_mp_urbaneastern
D:2:      layout_basic
D:3:      layout_loops_ring
D:4:      layout_loops_ring, ebering_ghost_rock_garden, minmay_snake_closets

Skill      XL: |  1  2  3  4  5 |
---------------+----------------+-----
Fighting       | 2 3 |  3.9
Dodging        | 2 3 |  3.6
Shields        | 1 |  1.1
Long Blades    | |  3.6
Throwing       | |  1.0
Stealth        | |  1.7
Evocations     | |  1.0

Action                   |  1- 3 |  4- 6 || total
-------------------------+-------+-------++-------
Melee: Falchion          |     9 |       ||     9
       Dagger            |    60 |   113 ||   173
Evoke: Piece from Xom's  |    13 |     1 ||    14
  Use: Scroll            |     1 |     1 ||     2
 Stab: Sleeping          |     2 |     4 ||     6
       Confused          |     1 |       ||     1
Armor: Ring mail         |    13 |    37 ||    50
       Robe              |     1 |       ||     1
Dodge: Dodged            |    35 |    40 ||    75
Block: Kite shield       |       |    29 ||    29
       Other             |       |     5 ||     5
       Rpst.: Falchion   |     2 |       ||     2

Table legend: (Time is in decaauts)
 A = Elapsed time spent in this place.
 B = Non-inter-level travel time spent in this place.
 C = Inter-level travel time spent in this place.
 D = Time resting spent in this place.
 E = Time spent auto-exploring this place.
 F = Levels seen in this place.
 G = Mean time per level.
                   A        B        C        D        E       F      G
               +--------+--------+--------+--------+--------+-----+--------+
         Total |   3670 |   3518 |    152 |    456 |   2471 |   4 |  917.5 |
       Dungeon |   3670 |   3518 |    152 |    456 |   2471 |   4 |  917.5 |
               +--------+--------+--------+--------+--------+-----+--------+

Top non-repeatable levels by time:
     D:2: 1290 daAuts
     D:1: 1199 daAuts
     D:3: 940 daAuts
     D:4: 239 daAuts
